 Dungeon Crawl Stone Soup version 0.26-a0-971-g1d9d62bb61 (webtiles) character file.

Game seed: 8918145783348560370

2074 siradein the Basher (level 9, -5/80 HPs)
             Began as a Troll Fighter on Dec 5, 2020.
             Was a Believer of Fedhas.
             Killed from afar by a raiju (12 damage)
             ... with a living lightning
             ... on level 2 of the Abyss.
             The game lasted 00:10:58 (4065 turns).

siradein the Basher (Troll Fighter)                 Turns: 4065, Time: 00:10:59

Health: -5/80      AC:  6    Str: 28    XL:     9   Next: 6%
Magic:  8/8        EV: 10    Int:  4    God:    Fedhas [**....]
Gold:   132        SH:  0    Dex: 10    Spells: 8/8 levels left

rFire    . . .     SeeInvis .   B - +3 giant club
rCold    . . .     Faith    .   (shield currently unavailable)
rNeg     + . .     Spirit   .   b - +0 robe
rPois    .         Reflect  .   (helmet restricted)
rElec    .         Harm     .   (no cloak)
rCorr    .         Rampage  .   (gloves unavailable)
MR       +....                  (boots unavailable)
Stlth    +.........             (no amulet)
HPRegen  0.63/turn              f - ring of protection from magic
MPRegen  0.11/turn              r - ring of positive energy

@: no status effects
A: large, unfitting armour, claws 3, regeneration 1, shaggy fur 1, tough skin 3
a: Wall of Briars, Renounce Religion


You were on level 2 of the Abyss.
You worshipped Fedhas.
Fedhas was pleased with you.
You visited 1 branch of the dungeon, and saw 6 of its levels.
You visited the Abyss 1 time.

You collected 277 gold pieces.
You spent 145 gold pieces at shops.

Inventory:

Hand Weapons
 p - a +0 whip of distortion
 B - a +3 giant club (weapon)
Armour
 b - a +0 robe (worn)
 c - a +0 kite shield
Jewellery
 f - a ring of protection from magic (left claw)
 k - an uncursed ring of fire
 n - a +6 ring of intelligence
 r - a ring of positive energy (right claw)
 u - an uncursed ring of resist corrosion
Wands
 z - a wand of digging (4)
Scrolls
 e - 9 scrolls of identify {unknown}
 g - 3 scrolls of teleportation {unknown}
 h - 2 scrolls of amnesia {unknown}
 i - 6 scrolls of remove curse {unknown}
 l - 2 scrolls of enchant weapon {unknown}
 m - 2 scrolls of fog {unknown}
 q - 2 scrolls of enchant armour {unknown}
 w - 2 scrolls of magic mapping
 y - a scroll of random uselessness {unknown}
 A - a scroll of immolation {unknown}
Potions
 a - a potion of brilliance {unknown}
 d - a potion of might
 j - a potion of flight {unknown}
 o - 2 potions of heal wounds {unknown}
 s - a potion of haste {unknown}
 t - a potion of curing {unknown}
 v - a potion of degeneration {unknown}
 x - 2 potions of invisibility


   Skills:
 - Level 2.4 Fighting
 + Level 10.9 Maces & Flails
 - Level 2.4 Dodging
 - Level 2.4 Shields


You had 8 spell levels left.
You didn't know any spells.
Your spell library contained the following spells:

 Spells                   Type           Power        Failure   Level
 Freeze                   Ice            #...         50%         1
 Frozen Ramparts          Ice            #.....       86%         3
 Ozocubu's Armour         Ice            #.......     86%         3
 Hailstorm                Conj/Ice       #.......     99%         4
 Summon Ice Beast         Ice/Summ       #.......     99%         4


Dungeon Overview and Level Annotations

Branches:
Dungeon (6/15)
 Temple: D:4-7

Altars:
Cheibriados
Elyvilon
Fedhas
Qazlal
Trog
Zin
The Shining One

Shops:
D:6 (

Annotations:
Abyss:1 Menkaure, Pikel


Innate Abilities, Weirdness & Mutations

You are too large for most types of armour.
You have claws for hands.
Your natural rate of healing is unusually fast.
You are covered in fur. (AC +1)
You have extremely tough skin. (AC +3)


Message History

a leather armour; a raiju corpse A raiju comes into view.
The raiju barks!
The raiju bursts into living lightning!
The living lightning hits you!
* * * LOW HITPOINT WARNING * * *
The living lightning hits you!
* * * LOW HITPOINT WARNING * * *
The raiju blinks!
You see here a leather armour.
You closely miss the raiju.
The raiju bursts into living lightning!
The living lightning misses you. x2; The raiju blinks! x2
A tentacled starspawn comes into view.
You see here a leather armour.
You closely miss the raiju.
The raiju bursts into living lightning!
The living lightning hits you!
You die...
Fedhas appreciates your contribution to the ecosystem.

.......#.. #. .
##.... ... # .. #
##.....# . .
.#...##.### . . .
# ........#.## #
. . #
..###.#..#..# ##.
... .
.#...#...#∩.##.
#. ..#
#.X.....#h[.#. .
#.#...#.@#.### #
. .
#h....#h#######..
. # . §.######. .
#.## .#.# # #.
#... .. . . . .
#. # .#.. . ##.#
## # # # .. .###
# # .. .. # # ...
#


You could see a tentacled starspawn and 2 raiju.

Vanquished Creatures
  A raiju (Abyss:2)
  Sigmund (D:6)
  A shadow (Abyss:2)
  Eustachio (D:6)
  An ogre (D:5)
  A lemure (D:5)
  2 bullfrogs (D:6)
  A hound (D:5)
  A centaur skeleton (D:5)
  3 jellies (D:5)
  A bullfrog skeleton (D:5)
  4 orc priests
  An iguana (D:5)
  4 orc wizards
  2 adders
  A shadow imp (D:5)
  3 white imps
  An ooze (D:5)
  An adder zombie (D:6)
  2 adder skeletons
  A worm (D:2)
  A leopard gecko (D:2)
  14 orcs
  4 giant cockroaches
  A goblin (D:2)
  8 hobgoblins
  6 jackals
  2 quokkas (D:2)
  A ball python (D:5)
  5 bats
  2 frilled lizards
  9 kobolds
  A quokka skeleton (D:6)
  4 rats
92 creatures vanquished.

Notes
Turn   | Place    | Note
-------+----------+-------------------------------------------
     0 | D:1      | siradein the Troll Fighter began the quest for the Orb.
     0 | D:1      | Reached XP level 1. HP: 22/22 MP: 0/0
    30 | D:1      | Reached skill level 2 in Maces & Flails
   271 | D:1      | Reached XP level 2. HP: 29/29 MP: 1/1
   706 | D:2      | Found a blossoming altar of Fedhas.
   730 | D:2      | Became a worshipper of Fedhas Madash
   803 | D:2      | Reached skill level 3 in Maces & Flails
   817 | D:2      | Found a bloodstained altar of Trog.
   820 | D:2      | Found a glowing silver altar of Zin.
   820 | D:2      | Found a stormy altar of Qazlal.
   840 | D:2      | Reached XP level 3. HP: 31/36 MP: 2/2
  1026 | D:2      | Found a glowing golden altar of the Shining One.
  1077 | D:2      | Found a snail-covered altar of Cheibriados.
  1924 | D:4      | Reached skill level 4 in Maces & Flails
  1924 | D:4      | Reached XP level 4. HP: 30/44 MP: 3/3
  2202 | D:4      | Found a white marble altar of Elyvilon.
  2238 | D:4      | Noticed Menkaure
  2245 | D:4      | Banished Menkaure
  2246 | D:4      | Reached skill level 5 in Maces & Flails
  2246 | D:4      | Reached XP level 5. HP: 17/50 MP: 4/4
  2344 | D:4      | Reached XP level 6. HP: 56/59 MP: 5/5
  2638 | D:4      | Reached skill level 6 in Maces & Flails
  2700 | D:5      | Entered Level 5 of the Dungeon
  2783 | D:5      | Reached * piety under Fedhas
  3035 | D:5      | Reached skill level 7 in Maces & Flails
  3035 | D:5      | Reached XP level 7. HP: 66/66 MP: 6/6
  3136 | D:5      | Noticed Pikel
  3151 | D:5      | Banished Pikel
  3152 | D:5      | Reached skill level 8 in Maces & Flails
  3152 | D:5      | Reached XP level 8. HP: 68/74 MP: 7/7
  3176 | D:5      | Reached skill level 9 in Maces & Flails
  3192 | D:5      | Found a glowing golden altar of the Shining One.
  3608 | D:6      | Reached ** piety under Fedhas
  3620 | D:6      | Noticed Sigmund
  3643 | D:6      | Killed Sigmund
  3866 | D:6      | Noticed Eustachio
  3870 | D:6      | Reached skill level 10 in Maces & Flails
  3884 | D:6      | Killed Eustachio
  3973 | D:6      | Found Xacolla's Antique Weapon Emporium.
  3978 | D:6      | Bought a glowing giant club for 145 gold pieces
  3983 | D:6      | Cast into level 2 of the Abyss (unwielding a weapon of
                  | distortion)
  4041 | Abyss:2  | Noticed a rakshasa
  4046 | Abyss:2  | Noticed a raiju
  4052 | Abyss:2  | Noticed a raiju
  4057 | Abyss:2  | Killed a raiju
  4058 | Abyss:2  | Reached XP level 9. HP: 25/80 MP: 8/8
  4060 | Abyss:2  | HP: 3/80 [raiju/living lightning (17)]
  4064 | Abyss:2  | Noticed a tentacled starspawn
  4065 | Abyss:2  | Killed from afar by a raiju

Illustrated notes

Levels and vault maps discovered:
D:1:      giann_bridges, layout_basic, minmay_pentomino_o2
D:2:      layout_basic, lemuel_doored_altar, grunt_temple_overflow_open,
          fedhas_altar_1
D:3:      layout_loops_corners
D:4:      layout_gridville, old_standard_altar, uniq_menkaure
D:5:      layout_loops_ring, tso_altar, uniq_pikel
D:6:      layout_cave_pools, minmay_temple_entry_proselytizer, serial_shops,
          shop, uniq_sigmund, uniq_eustachio
Abyss:2:  base:
D:1

Skill      XL: |  1  2  3  4  5  6  7  8 |
---------------+-------------------------+-----
Maces & Flails | 2 3 4 5 7 8 10 | 10.9
Fighting       | |  2.4
Dodging        | |  2.4
Shields        | |  2.4

Action                   |  1- 3 |  4- 6 |  7- 9 || total
-------------------------+-------+-------+-------++-------
Melee: Flail             |    91 |       |       ||    91
       Whip              |    41 |    61 |   153 ||   255
       Giant club        |       |       |     7 ||     7
  Use: Scroll            |       |     2 |       ||     2
Armor: Robe              |    48 |    10 |    37 ||    95
Dodge: Dodged            |    53 |    14 |    47 ||   114
Block: Kite shield       |    50 |    22 |    39 ||   111

Table legend: (Time is in decaauts)
 A = Elapsed time spent in this place.
 B = Non-inter-level travel time spent in this place.
 C = Inter-level travel time spent in this place.
 D = Time resting spent in this place.
 E = Time spent auto-exploring this place.
 F = Levels seen in this place.
 G = Mean time per level.
                   A        B        C        D        E       F      G
               +--------+--------+--------+--------+--------+-----+--------+
         Total |   4048 |   3934 |    114 |      0 |   3102 |   7 |  578.3 |
       Dungeon |   3966 |   3852 |    114 |      0 |   3102 |   6 |  661.0 |
         Abyss |     81 |     81 |      0 |      0 |      0 |   1 |   81.0 |
               +--------+--------+--------+--------+--------+-----+--------+

Top non-repeatable levels by time:
     D:5: 850 daAuts
     D:4: 808 daAuts
     D:3: 782 daAuts
     D:1: 701 daAuts
     D:2: 434 daAuts
     D:6: 389 daAuts
 Abyss:2: 81 daAuts
